 Dungeon Crawl Stone Soup version 0.25-b1-46-gb8a1ec05df (webtiles) character file.

Game seed: 5273231053185018441

2190 1994 the Ruffian (level 9, -8/72 HPs)
             Began as a Green Draconian Transmuter on June 9, 2020.
             Was a Believer of Makhleb.
             Mangled by a white ugly thing (27 damage)
             ... on level 7 of the Dungeon on June 11, 2020.
             The game lasted 00:28:26 (8755 turns).

1994 the Ruffian (Green Draconian Transmuter)       Turns: 8755, Time: 00:28:27

Health: -8/72      AC: 12    Str: 13    XL:     9   Next: 12%
Magic:  12/16      EV: 13    Int: 17    God:    Makhleb [**....]
Gold:   336        SH:  0    Dex: 11    Spells: 6/17 levels left

rFire    . . .     SeeInvis +     - Unarmed
rCold    . . .     Gourm    .   (no shield)
rNeg     . . .     Faith    .   (armour unavailable)
rPois    +         Spirit   .   (helmet restricted)
rElec    .         Reflect  .   z - +2 cloak
rCorr    .         Harm     .   s - +0 pair of gloves
MR       +....                  e - +0 pair of boots
Stlth    +.........             (no amulet)
HPRegen  0.22/turn              k - ring of protection from magic
MPRegen  0.15/turn              l - ring of see invisible

@: slowed, very slow
A: breathe noxious fumes, unfitting armour, poison resistance, cold-blooded, AC
+7
a: Breathe Noxious Fumes, Minor Destruction, Renounce Religion


You were on level 7 of the Dungeon.
You worshipped Makhleb.
Makhleb was pleased with you.
You were not hungry.

You visited 1 branch of the dungeon, and saw 7 of its levels.

You collected 336 gold pieces.

Inventory:

Missiles
 a - 53 arrows
 b - 252 stones (quivered)
 C - 30 poisoned darts
Armour
 e - a +0 pair of boots (worn)
 s - a +0 pair of gloves (worn)
 z - a +2 cloak (worn)
Magical Staves
 G - a cursed staff of conjuration {unknown}
Jewellery
 k - a ring of protection from magic (left hand)
 l - a ring of see invisible (right hand)
 r - an uncursed ring of resist corrosion
 x - a cursed ring of attention {unknown}
 y - an uncursed ring of wizardry
Wands
 f - a wand of disintegration (15)
Scrolls
 d - 4 scrolls of remove curse
 g - 3 scrolls of teleportation {unknown}
 h - a scroll of fear
 o - a scroll of magic mapping {unknown}
 p - a scroll of immolation {unknown}
 t - 2 scrolls of noise {unknown}
 v - a scroll of blinking {unknown}
 A - a scroll of holy word {unknown}
 D - a scroll of fog {unknown}
Potions
 i - a potion of ambrosia
 j - a potion of resistance
 m - a potion of mutation
 n - 5 potions of curing
 q - a potion of magic
 u - 3 potions of flight
 w - 2 potions of lignification
 B - a potion of cancellation
 E - a potion of berserk rage {unknown}
Comestibles
 c - 17 rations
 F - 2 chunks of flesh


   Skills:
 - Level 4.5 Fighting
 + Level 3.0 Dodging
 - Level 6.7 Unarmed Combat
 - Level 4.7 Spellcasting
 - Level 6.2 Transmutations
 - Level 4.0 Poison Magic
 - Level 3.7 Invocations


You had 6 spell levels left.
You knew the following spells:

 Your Spells              Type           Power        Failure   Level  Hunger
a - Beastly Appendage     Tmut           ####..       1%          1    None
b - Sticks to Snakes      Tmut           ####....     1%          2    #......
c - Spider Form           Tmut/Pois      ###.......   5%          3    ###....
d - Blade Hands           Tmut           ####......   30%         5    ######.

Your spell library contained the following spells:

 Spells                   Type           Power        Failure   Level  Hunger
 Ice Form                 Ice/Tmut       ##......     38%         4    ####...
 Malign Gateway           Summ/Tloc      #.........   100%        7    #######
 Monstrous Menagerie      Summ           #.........   100%        7    #######
 Summon Greater Demon     Summ           #.........   100%        7    #######
 Summon Horrible Things   Summ           #.........   100%        8    #######


Dungeon Overview and Level Annotations

Branches:
Dungeon (7/15)             Temple (0/1) D:6

Altars:
Dithmenos
Kikubaaqudgha
Makhleb
Okawaru
Qazlal
Uskayaw
Vehumet
Xom

Annotations:
D:7 2 transporters


Innate Abilities, Weirdness & Mutations

You can breathe blasts of noxious fumes.
Your lurid green scales are hard. (AC +7)
You cannot fit into any form of body armour.
Your system is resistant to poisons. (rPois)
You are cold-blooded and may be slowed by cold attacks.


Message History

There is an open door here.
The hound bites you but does no damage.
Okay, then.
Unknown command.
Casting: Beastly Appendage (safe; 1% risk of failure)
Confirm with . or Enter, or press ? or * to list all spells.
Okay, then.
Unknown command.
Casting: Beastly Appendage (safe; 1% risk of failure)
Confirm with . or Enter, or press ? or * to list all spells.
You create a snake!
You now have 55 arrows.
The white ugly thing pecks you. The white ugly thing freezes you!!
Casting: Sticks to Snakes (safe; 1% risk of failure)
Confirm with . or Enter, or press ? or * to list all spells.
You create 2 snakes!
You now have 53 arrows.
The hound bites your ball python.
Your ball python dies!
The white ugly thing pecks you.
* * * LOW HITPOINT WARNING * * *
The white ugly thing freezes you!!
You feel yourself slow down.
You die...

#..# ###....... #####..#
##...... ###.....##
#####.. ##.......# ###..
##.......## ###...#
##........# ###...###
.........## ###...###..
........S.#####...###..#.
.......<@uh.o...###..#.#.
..........S##.##'..#.#.#.
.........####...###..#.#.
........## ###...###..#.
........# ###...###..
#.......# ##....###
#...... #.##...# #.###.#
#....... ########


You could see a white ugly thing, a hound, an orc and 2 friendly ball pythons.

Vanquished Creatures
  Pikel (D:4)
  2 ice beasts (D:6)
  A black bear (D:7)
  4 slaves
  2 ogres (D:6)
  A centaur (D:6)
  3 bullfrogs
  3 scorpions
  2 howler monkeys
  3 crimson imps
  A jelly (D:6)
  A bullfrog skeleton (D:4)
  An orc priest (D:6)
  A gnoll shaman (D:3)
  2 hounds
  An iguana (D:5)
  An orc wizard (D:5)
  3 worker ants
  2 killer bee zombies
  A worker ant zombie (D:3)
  Robin (D:1)
  11 gnolls
  9 adders
  2 shadow imps (D:5)
  2 oozes
  3 worms
  A dart slug (D:2)
  4 leopard geckos
  16 orcs
  5 giant cockroaches
  9 goblins
  9 hobgoblins
  19 jackals
  5 quokkas
  2 ball pythons
  A ball python skeleton (D:4)
  8 bats
  6 frilled lizards
  4 kobolds
  A leopard gecko zombie (D:5)
  5 rats
159 creatures vanquished.

Vanquished Creatures (collateral kills)
  An adder (D:2)
  3 goblins (D:2)
4 creatures vanquished.

Grand Total: 163 creatures vanquished

Notes
Turn   | Place    | Note
-------+----------+-------------------------------------------
     0 | D:1      | 1994 the Draconian Transmuter began the quest for the Orb.
     0 | D:1      | Reached XP level 1. HP: 16/16 MP: 3/3
   735 | D:1      | Reached XP level 2. HP: 18/23 MP: 5/5
   844 | D:1      | Learned a level 2 spell: Sticks to Snakes
  1176 | D:1      | Reached XP level 3. HP: 27/28 MP: 6/6
  1627 | D:1      | Learned a level 3 spell: Spider Form
  1713 | D:2      | Noticed Robin
  1895 | D:1      | Killed Robin
  1895 | D:1      | Reached XP level 4. HP: 32/36 MP: 7/7
  2098 | D:2      | Reached skill level 1 in Poison Magic
  2531 | D:2      | Reached XP level 5. HP: 14/41 MP: 4/8
  2947 | D:2      | Found a stormy altar of Qazlal.
  2977 | D:2      | Found a radiant altar of Vehumet.
  2978 | D:2      | Found a burning altar of Makhleb.
  3089 | D:2      | Became a worshipper of Makhleb the Destroyer
  3207 | D:2      | Found a shimmering altar of Xom.
  3842 | D:3      | Found an iron altar of Okawaru.
  3935 | D:3      | Reached * piety under Makhleb
  4220 | D:4      | Noticed Pikel
  4220 | D:4      | Noticed a slave
  4220 | D:4      | Noticed a slave
  4220 | D:4      | Noticed a slave
  4220 | D:4      | Noticed a slave
  4476 | D:4      | Reached XP level 6. HP: 50/50 MP: 8/10
  5147 | D:2      | Killed a slave
  5159 | D:3      | Reached skill level 1 in Invocations
  5384 | D:3      | Killed a slave
  5494 | D:3      | Killed a slave
  5497 | D:3      | Killed a slave
  5551 | D:4      | HP: 1/50 [Pikel/+2 whip of electrocution (19)]
  5555 | D:4      | Killed Pikel
  5555 | D:4      | Reached skill level 5 in Unarmed Combat
  5555 | D:4      | Your scales start taking on a lurid green colour.
  5555 | D:4      | Reached XP level 7. HP: 2/57 MP: 6/13
  5555 | D:4      | Gained mutation: Your system is resistant to poisons.
                  | (rPois) [Green Draconian growth]
  6270 | D:4      | Learned a level 5 spell: Blade Hands
  6271 | D:5      | Entered Level 5 of the Dungeon
  6403 | D:5      | Reached XP level 8. HP: 59/63 MP: 12/14
  6549 | D:5      | Reached skill level 5 in Transmutations
  6747 | D:5      | Found a shadowy altar of Dithmenos.
  7302 | D:6      | Found a staircase to the Ecumenical Temple.
  7604 | D:6      | Found an iron altar of Okawaru.
  7635 | D:6      | Found a hide-covered altar of Uskayaw.
  7706 | D:6      | Reached ** piety under Makhleb
  8505 | D:7      | Found an ancient bone altar of Kikubaaqudgha.
  8506 | D:7      | Found a transporter.
  8507 | D:7      | Found a transporter.
  8607 | D:7      | Reached XP level 9. HP: 69/72 MP: 14/16
  8726 | D:7      | Noticed a white ugly thing
  8755 | D:7      | Mangled by a white ugly thing

Illustrated notes

Levels and vault maps discovered:
D:1:      evilmike_arrival_fibonacci_small, layout_basic
D:2:      layout_basic, gammafunk_temple_overflow_pools,
          nicolae_qazlal_general_emergency, lemuel_round_altar, minivault_23,
          uniq_robin
D:3:      layout_rooms, okawaru_metal_pillars_1_2
D:4:      layout_cave_pools, first_ration, roderic_roman_lattice,
          minmay_misc_feat_tower, uniq_pikel
D:5:      layout_basic, grunt_dithmenos_shadows
D:6:      layout_loops_ring, overflow_temple_1_default,
          minmay_temple_entry_statues_fountains, basic_altar
D:7:      minmay_the_grid_four_pointed_star
          [minmay_the_grid_triangle_9x9_flanged_cone,
          minmay_the_grid_triangle_9x9_skeleton,
          minmay_the_grid_triangle_9x9_semitri,
          minmay_the_grid_triangle_9x9_odd_lines,
          minmay_the_grid_prize_four_corners_diamond_a], layout_cave_pods,
          gammafunk_temple_of_torment, uniq_menkaure

Skill      XL: |  1  2  3  4  5  6  7  8  9 |
---------------+----------------------------+-----
Fighting       | 2 3 4 |  4.5
Transmutations | 3 4 6 |  6.2
Poison Magic   | 1 2 3 4 |  4.0
Unarmed Combat | 4 5 6 |  6.7
Invocations    | 2 3 |  3.7
Spellcasting   | 4 |  4.7
Dodging        | 3 |  3.0

Action                   |  1- 3 |  4- 6 |  7- 9 || total
-------------------------+-------+-------+-------++-------
Melee: Unarmed           |   140 |   291 |   297 ||   728
       Tailslap          |    20 |    13 |    31 ||    64
       Headbutt          |     7 |    14 |    41 ||    62
       Punch             |     1 |     3 |    11 ||    15
Throw: Stone             |     3 |     9 |     2 ||    14
 Cast: Beastly Appendage |    14 |    33 |    28 ||    75
       Sticks to Snakes  |     1 |     4 |     2 ||     7
       Spider Form       |       |     9 |       ||     9
Invok: Minor Destruction |       |       |     2 ||     2
 Abil: End Transformatio |       |       |     4 ||     4
       Breathe Noxious F |       |       |     4 ||     4
  Use: Scroll            |       |       |    11 ||    11
 Stab: Confused          |       |       |     3 ||     3
  Eat: Chunk             |     4 |    12 |     9 ||    25
       Ration            |       |       |     1 ||     1
Armor: Skin              |    57 |   104 |    97 ||   258
Dodge: Dodged            |    89 |   264 |   144 ||   497
